Map: [ESL] Royal Blood

Players

Oliveira

  • Race: Terran Terran

Dark - Winner!

  • Race: Zerg Zerg

Event: IEM Katowice 2023

VOD

Have the link to the VOD?

Description

Time

  • Played on: Feb. 9, 2023, 6:24 a.m.
  • Length: 8:52

All games in this series

Show
View Real Time Build Order
Export as new Build Order

Oliveira Terran 

Build Orders: Reaper Expand, Hellion Banshee 

Get SALT Encoding   

  12  0:00  SCV  
  13  0:12  SCV  
  14  0:17  Supply Depot  
  14  0:25  SCV  
  15  0:38  SCV  
  15  0:40  Barracks  
  16  0:44  Refinery  
  16  0:51  SCV  
  17  1:03  SCV  
  18  1:15  SCV  
  19  1:28  Reaper  
  19  1:29  Orbital Command  
  20  1:41  Command Center  
  20  1:50  Supply Depot  
  20  1:54  SCV  
  20  1:59  Marine  
  22  2:06  SCV  
  23  2:14  Factory  
  23  2:18  SCV  
  23  2:21  Barracks Reactor  
  24  2:30  SCV  
  25  2:42  SCV, Command Center  
  26  2:53  Orbital Command  
  26  2:54  SCV  
  27  3:00  Starport  
  27  3:06  Refinery  
  27  3:07  SCV  
  27  3:11  Barracks Tech Lab  
  28  3:18  Hellion x2  
  32  3:22  SCV  
  32  3:23  SCV  
  34  3:34  SCV  
  34  3:35  SCV  
  34  3:41  Hellion x2  
  40  3:45  Banshee  
  40  3:46  Marine, SCV  
  40  3:48  SCV  
  46  3:54  Orbital Command  
  46  3:58  Cloaking Field, SCV  
  46  4:00  SCV  
  48  4:04  Supply Depot  
  48  4:06  Hellion  
  48  4:08  Hellion  
  52  4:10  SCV  
  52  4:12  Barracks Tech Lab  
  52  4:14  SCV  
  54  4:19  SCV  
  54  4:23  SCV  
  56  4:26  SCV  
  56  4:27  Banshee  
  56  4:29  Supply Depot  
  56  4:31  Hellion  
  62  4:32  SCV  
  62  4:33  Hellion  
  62  4:35  SCV  
  67  4:38  SCV  
  67  4:44  SCV  
  67  4:45  Marine  
  68  4:46  Stimpack  
  68  4:50  SCV  
  70  4:53  SCV  
  70  4:55  Supply Depot  
  70  4:59  Barracks  
  71  5:00  Factory Reactor, SCV  
  71  5:02  Engineering Bay, Barracks  
  71  5:03  Marine  
  71  5:04  Engineering Bay  
  73  5:08  SCV  
  73  5:10  SCV  
  73  5:12  Refinery x2  
  75  5:15  SCV  
  75  5:20  SCV, Supply Depot  
  77  5:22  Marine, SCV  
  77  5:27  Orbital Command  
  77  5:28  Starport Reactor  
  77  5:32  Terran Infantry Weapons Level 1  
  77  5:36  SCV  
  77  5:39  Terran Infantry Armor Level 1, Barracks, SCV, Supply Depot  
  77  5:41  Barracks  
  79  5:45  Marine  
  79  5:48  SCV  
  81  5:51  SCV  
  81  5:55  Marine x2  
  84  5:57  Siege Tank, SCV  
  84  6:00  SCV  
  84  6:03  SCV  
  89  6:06  Marine  
  89  6:07  Marine, Supply Depot  
  89  6:09  SCV  
  92  6:12  SCV  
  92  6:14  Marine  
  92  6:17  Marine, Command Center  
  95  6:18  Medivac x2  
  95  6:20  SCV  
  95  6:22  SCV  
  100  6:26  Marine, Supply Depot  
  100  6:29  Barracks Tech Lab, Barracks Reactor  
  100  6:30  Marine  
  100  6:34  Supply Depot x2  
  100  6:35  Refinery  
  100  6:38  Siege Tank  
  99  6:40  Refinery  
  99  6:41  Marine  
  99  6:42  SCV  
  99  6:43  Marine  
  99  6:44  SCV x2  
  99  6:47  Marine, Combat Shield  
  102  6:51  Marauder  
  102  6:53  Factory  
  105  6:54  SCV  
  105  6:56  SCV  
  105  6:59  Marine x2  
  105  7:00  SCV, Marauder  
  112  7:07  Marine, Supply Depot  
  113  7:08  Marine x2  
  113  7:11  Siege Tank, SCV x2  
  113  7:12  SCV  
  113  7:15  Marine x2  
  123  7:21  Medivac x2, Marauder  
  123  7:22  Supply Depot  
  129  7:25  Armory  
  129  7:29  Marine x3  
  132  7:30  Marine  
  132  7:31  SCV  
  132  7:33  SCV  
  132  7:34  SCV  
  136  7:40  Marine  
  136  7:41  Marauder  
  136  7:42  Marauder  
  141  7:45  SCV  
  141  7:47  SCV  
  141  7:48  Factory Tech Lab  
  141  7:50  Siege Tank  
  141  7:51  Planetary Fortress  
  146  7:54  SCV  
  146  7:57  SCV  
  148  8:01  Ghost Academy, Barracks  
  148  8:02  SCV  
  148  8:03  Barracks x2  
  149  8:05  Marine  
  149  8:06  Marine, SCV  
  149  8:09  SCV  
  149  8:11  Refinery, Missile Turret  
  149  8:12  Refinery  
  153  8:13  Siege Tank  
  156  8:23  SCV x2  
  156  8:28  Supply Depot  
  156  8:29  Marine x2  
  156  8:30  Marauder  
Show
View Real Time Build Order
Export as new Build Order

Dark Zerg - Winner!

Build Orders: Hatch First 

Get SALT Encoding   

  12  0:00  Drone  
  13  0:12  Overlord  
  13  0:17  Drone  
  14  0:31  Drone x2  
  16  0:48  Hatchery  
  15  0:51  Drone  
  15  0:54  Drone  
  17  0:58  Drone  
  18  1:08  Extractor  
  17  1:13  Spawning Pool  
  17  1:16  Drone  
  17  1:19  Drone  
  18  1:28  Drone  
  19  1:39  Drone  
  20  1:49  Drone  
  21  2:01  Queen x2  
  25  2:02  Zergling x4  
  27  2:11  Overlord  
  27  2:14  Drone  
  28  2:20  Hatchery  
  27  2:28  Drone  
  28  2:30  Drone  
  28  2:37  Drone x2  
  28  2:38  Queen  
  32  2:47  Overlord  
  32  2:48  Drone  
  33  2:54  Drone  
  33  2:56  Queen  
  36  3:06  Drone x3  
  36  3:11  Overlord  
  39  3:14  Queen  
  39  3:15  Drone  
  42  3:28  Drone x2  
  44  3:35  Drone x3  
  44  3:39  Roach Warren  
  48  3:43  Drone x4  
  48  3:47  Drone  
  48  3:48  Drone x3  
  54  3:50  Drone  
  55  3:56  Overlord  
  55  4:00  Drone x2  
  57  4:06  Overlord  
  57  4:08  Overlord  
  57  4:20  Roach x4  
  65  4:26  Roach x4  
  65  4:28  Hatchery  
  65  4:30  Drone x2  
  65  4:31  Drone  
  75  4:33  Extractor  
  75  4:34  Extractor, Drone  
  75  4:35  Drone  
  75  4:38  Drone  
  76  4:43  Overlord  
  76  4:45  Overlord  
  76  4:50  Drone x2  
  76  4:51  Drone  
  76  4:52  Drone x2  
  81  4:53  Drone  
  82  5:00  Overlord x2  
  82  5:01  Overlord  
  82  5:02  Lair  
  82  5:09  Drone  
  82  5:10  Drone  
  82  5:12  Drone  
  85  5:15  Drone x2  
  85  5:16  Spore Crawler  
  85  5:17  Drone, Spore Crawler  
  85  5:20  Drone x2, Spore Crawler  
  87  5:25  Roach x4  
  87  5:27  Drone  
  92  5:33  Drone x2, Evolution Chamber  
  92  5:34  Drone, Evolution Chamber  
  92  5:35  Drone  
  94  5:39  Drone  
  94  5:40  Drone x2  
  94  5:41  Drone  
  98  5:42  Extractor  
  98  5:43  Extractor  
  98  5:44  Drone x2  
  98  5:46  Extractor, Drone  
  98  5:50  Drone  
  98  5:52  Drone x4  
  98  5:55  Drone x2  
  104  6:00  Overseer  
  104  6:03  Zerg Missile Weapons Level 1, Zerg Ground Armor Level 1  
  103  6:05  Drone x4  
  103  6:10  Drone x2  
  103  6:11  Drone  
  110  6:19  Drone x2  
  110  6:25  Extractor x2, Spore Crawler  
  109  6:27  Roach x3  
  109  6:32  Roach x6  
  127  6:33  Glial Reconstitution  
  121  6:43  Roach x5  
  121  6:45  Roach  
  127  6:51  Overlord  
  127  6:52  Overlord x3  
  127  6:53  Overlord  
  127  6:59  Overlord  
  127  7:00  Overlord x2  
  127  7:03  Overlord  
  127  7:07  Overlord x3, Nydus Network  
  126  7:10  Roach x2  
  126  7:13  Roach x2  
  126  7:15  Roach  
  136  7:18  Roach  
  136  7:19  Roach x2  
  136  7:20  Roach  
  136  7:22  Roach  
  146  7:23  Roach  
  146  7:26  Roach  
  150  7:31  Roach  
  150  7:35  Roach x5  
  162  7:40  Roach x2  
  162  7:42  Roach x3  
  172  7:47  Roach x3  
  172  7:48  Overlord  
  172  7:50  Overseer  
  176  7:53  Overlord  
  176  7:54  Ravager x5  
  181  8:00  Ravager x3  
  181  8:05  Overlord  
  184  8:08  Roach x3  
  184  8:09  Roach  
  184  8:11  Roach  
  194  8:13  Roach x3  
  194  8:17  Nydus Canal  
  196  8:22  Roach x2  
  198  8:33  Roach, Nydus Canal  

Tags
 
Add a new tag
Caveats
  • Supply blocks, unpowered buildings, or Contaminate may cause inaccurate times.
  • Supply counts are checked every 10 seconds.